 Dungeon Crawl Stone Soup version 0.20.1-1-g8b1a95d (webtiles) character file.

161 thelegendofawesome the Cudgeler (level 5, -2/47 HPs)
             Began as a Minotaur Berserker on Oct 26, 2017.
             Was a Believer of Trog.
             Slain by a gnoll
             ... wielding a +0 spear
              (4 damage)
             ... on level 5 of the Dungeon.
             The game lasted 00:08:05 (760 turns).

thelegendofawesome the Cudgeler (Minotaur Berserker) Turns: 760, Time: 00:08:06

Health: -2/47      AC:  6    Str: 22    XL:     5   Next: 19%
Magic:  4/4        EV: 12    Int:  4    God:    Trog [**....]
Gold:   84         SH:  0    Dex: 10    Spells: 4/4 levels left

rFire    . . .     SeeInvis .   a - +0 mace
rCold    . . .     Gourm    .   (no shield)
rNeg     . . .     Faith    .   d - +1 ring mail
rPois    .         Spirit   .   (helmet restricted)
rElec    .         Reflect  .   (no cloak)
rCorr    .         Harm     .   (no gloves)
MR       .....                  (no boots)
Stlth    ..........             (no amulet)
Regen    0.2/turn               (no ring)
MPRegen  0.1/turn               (no ring)

@: lethally poisoned (-2 -> -3), berserk cooldown, slowed, very slow
A: retaliatory headbutt, horns 2
a: Berserk, Trog's Hand, Burn Spellbooks, Renounce Religion


You were on level 5 of the Dungeon.
You worshipped Trog.
Trog was pleased with you.
You were not hungry.

You visited 1 branch of the dungeon, and saw 5 of its levels.

You collected 84 gold pieces.

Inventory:

Hand Weapons
 a - a +0 mace (weapon)
Armour
 b - a +0 animal skin
 d - a +1 ring mail (worn)
Jewellery
 e - an uncursed ring of wizardry
Comestibles
 c - a bread ration
 f - a fruit
 g - a royal jelly


   Skills:
 + Level 4.6 Fighting
 + Level 5.4 Maces & Flails
 + Level 3.5 Armour
 + Level 2.9 Dodging


You had 4 spell levels left.
You didn't know any spells.

Dungeon Overview and Level Annotations

Branches:
Dungeon (5/15)
 Temple: D:4-7

Altars:
Fedhas
Hepliaklqana
Yredelemnul

Annotations:
D:3 Jessica


Innate Abilities, Weirdness & Mutations

You reflexively headbutt those who attack you in melee.
You have a pair of horns on your head.


Message History

You sock the gnoll!
You feel the power of Trog in you as your rage grows.
You kill the gnoll!
Trog accepts your kill. The gnoll hits you with a spear.
* * * LOW HITPOINT WARNING * * *
You are no longer berserk.
You are exhausted.
You feel yourself slow down. The gnoll hits you with a spear.
* * * LOW HITPOINT WARNING * * *
You see here a spear.
The gnoll hits you but does no damage.
You hit the gnoll.
The gnoll is almost dead.
* * * LOW HITPOINT WARNING * * *
You feel sick. The gnoll closely misses you. The gnoll barely misses you.
You barely miss the gnoll. Your headbutt misses the gnoll.
The gnoll is almost dead.
The gnoll hits you with a spear.
You die...

# # #.##########.#
. .......#.....#
...
.........#####.....
.......@)).(.......
........g######.$..
.........# .
.........#
.........#
.........#
........##
.#.....##


You could see a gnoll.

Vanquished Creatures
  An orc wizard (D:4)
  2 worker ants
  3 gnolls (D:5)
  5 worms
  3 leopard geckos
  4 orcs
  2 ball pythons
  2 giant cockroaches
  4 goblins
  2 hobgoblins (D:2)
  2 kobolds
  A quokka (D:4)
  2 bats (D:2)
  2 frilled lizards (D:2)
  3 rats
38 creatures vanquished.

Notes
Turn   | Place    | Note
-------+----------+-------------------------------------------
     0 | D:1      | thelegendofawesome the Minotaur Berserker began the quest for the Orb.
     0 | D:1      | Reached XP level 1. HP: 19/19 MP: 0/0
   129 | D:1      | Reached skill level 4 in Maces & Flails
   138 | D:1      | Reached XP level 2. HP: 27/27 MP: 1/1
   293 | D:2      | Reached ** piety under Trog
   307 | D:2      | Reached XP level 3. HP: 17/33 MP: 2/2
   340 | D:3      | Found a blossoming altar of Fedhas.
   375 | D:3      | Noticed Jessica
   417 | D:5      | Entered Level 5 of the Dungeon
   417 | D:5      | Noticed an ogre
   417 | D:5      | Noticed a phantom
   575 | D:4      | Found a basalt altar of Yredelemnul.
   582 | D:4      | Found a hazy altar of Hepliaklqana.
   655 | D:4      | Reached skill level 5 in Maces & Flails
   655 | D:4      | Reached XP level 4. HP: 28/40 MP: 3/3
   748 | D:5      | Reached XP level 5. HP: 28/47 MP: 4/4
   757 | D:5      | HP: 2/47 [gnoll/spear (1)]
   760 | D:5      | Slain by a gnoll

Skill      XL: |  1  2  3 |
---------------+----------+-----
Maces & Flails | 4 5 |  5.4
Fighting       | 4 |  4.6
Armour         | 3 |  3.5
Dodging        | |  2.9

Action                   |  1- 3 |  4- 6 || total
-------------------------+-------+-------++-------
Melee: Mace              |    73 |    21 ||    94
       Headbutt          |     9 |     4 ||    13
Invok: Berserk           |       |     1 ||     1
  Use: Scroll            |     1 |     1 ||     2
  Eat: Fruit             |     1 |       ||     1
Armor: Ring mail         |    26 |     5 ||    31
Dodge: Dodged            |    36 |    25 ||    61
